 Dungeon Crawl Stone Soup version 0.23-a0-644-gb60d84b635 (webtiles) character file.

231 LLavrengius the Skirmisher (level 6, -1/51 HPs)
             Began as a Formicid Abyssal Knight on Jan 2, 2019.
             Was a Believer of Lugonu.
             Slain by a scorpion (5 damage)
             ... on level 4 of the Dungeon.
             The game lasted 00:09:41 (3754 turns).

LLavrengius the Skirmisher (FoAK)                   Turns: 3754, Time: 00:09:42

Health: -1/51      AC:  7    Str: 18    XL:     6   Next: 24%
Magic:  7/7        EV:  6    Int: 12    God:    Lugonu [**....]
Gold:   126        SH: 13    Dex: 10    Spells: 5/5 levels left

rFire    . . .     SeeInvis +   a - +1 spear
rCold    + . .     Gourm    .   n - +0 large shield
rNeg     . . .     Faith    .   q - +0 ring mail (curse)
rPois    .         Spirit   .   (helmet unavailable)
rElec    .         Reflect  .   y - +0 cloak {MR+}
rCorr    .         Harm     .   u - +0 pair of gloves
MR       +....                  (no boots)
Stlth    ..........             (no amulet)
HPRegen  0.17/turn              m - ring of protection from cold
MPRegen  0.10/turn              (no ring)

@: lethally poisoned (-1 -> -11)
A: permanent stasis, dig shafts and tunnels, four strong arms, antennae 3
a: Dig, Shaft Self, Depart the Abyss, Bend Space, Renounce Religion


You were on level 4 of the Dungeon.
You worshipped Lugonu.
Lugonu was pleased with you.
You were not hungry.

You visited 1 branch of the dungeon, and saw 4 of its levels.
You visited the Abyss 1 time.

You collected 126 gold pieces.

Inventory:

Hand Weapons
 a - a +1 spear (weapon)
 b - a +0 blowgun
Missiles
 p - 17 bolts
 r - 21 poisoned needles
 s - 36 sling bullets
Armour
 n - a +0 large shield (worn)
 q - a cursed +0 ring mail (worn)
 u - a +0 pair of gloves (worn)
 w - a +0 chain mail
 y - a +0 cloak of magic resistance (worn)
Jewellery
 m - a ring of protection from cold (left hand)
Scrolls
 d - 5 scrolls of teleportation {unknown}
 h - 2 scrolls of identify {unknown}
 i - a scroll of enchant weapon {unknown}
 k - 2 scrolls of blinking {unknown}
 l - 4 scrolls of remove curse {unknown}
 t - a scroll of fog {unknown}
 x - a scroll of enchant armour {unknown}
Potions
 e - a potion of flight {unknown}
 f - 2 potions of experience {unknown}
 g - a potion of mutation {unknown}
 j - a potion of magic {unknown}
 o - a potion of curing {unknown}
 v - a potion of lignification {unknown}
 z - a potion of haste {unknown}
Comestibles
 c - 5 rations


   Skills:
 + Level 5.1 Fighting
 + Level 4.0 Polearms
 - Level 2.1 Armour
 - Level 0.8 Dodging
 + Level 2.7 Shields
 + Level 2.5 Invocations


You had 5 spell levels left.
You didn't know any spells.
Your spell library was empty.

Dungeon Overview and Level Annotations

Branches:
Dungeon (4/15)
 Temple: D:4-7

Altars:
Cheibriados
Elyvilon
Ru
Yredelemnul


Innate Abilities, Weirdness & Mutations

You cannot be hasted, slowed, berserked, paralysed or teleported.
You can dig through walls and to a lower floor.
Your four strong arms can wield two-handed weapons with a shield.
You have a pair of large antennae on your head. (SInv)


Message History

You feel sick. The scorpion completely misses you.
Your shield prevents you from hitting the scorpion.
The scorpion is heavily wounded.
The scorpion stings you.
* * * LOW HITPOINT WARNING * * *
You hit the scorpion.
The scorpion is heavily wounded.
You block the scorpion's attack.
Okay, then.
You hit the scorpion.
The scorpion is severely wounded.
You feel sick. The scorpion stings you.
* * * LOW HITPOINT WARNING * * *
You are lethally poisoned!
The scorpion poisons you!
Your shield and ring mail prevent you from hitting the scorpion.
The scorpion is severely wounded.
* * * LOW HITPOINT WARNING * * *
You feel sick. The scorpion stings you.
You die...

#.#. ..
...####s###
#.........
#..#
#.#####..#
.........#
#.######.#
#s# #@# #
#.# #. #.#
.. #.#
#.####.#####
#........<[#
#.####.###.#
# #.# .# #.#
.#


You could see a scorpion.

Vanquished Creatures
  Crazy Yiuf (D:3)
  Natasha (thrice) (D:3)
  A worker ant (D:4)
  3 adders
  2 worms
  4 dart slugs
  3 leopard geckos
  4 orcs (D:3)
  2 giant cockroaches
  6 goblins
  6 hobgoblins
  4 jackals
  5 kobolds
  8 bats
  3 frilled lizards
  7 rats
62 creatures vanquished.

Notes
Turn   | Place    | Note
-------+----------+-------------------------------------------
     0 | Abyss:1  | LLavrengius the Formicid Abyssal Knight began the quest for
                  | the Orb.
     0 | Abyss:1  | Reached XP level 1. HP: 18/18 MP: 2/2
    62 | Abyss:1  | Noticed a tentacled starspawn
    63 | D:1      | Escaped the Abyss
   454 | D:1      | Reached XP level 2. HP: 24/24 MP: 3/3
   585 | D:1      | Reached * piety under Lugonu
   601 | D:1      | Reached XP level 3. HP: 29/30 MP: 4/4
   689 | D:1      | Reached skill level 4 in Fighting
  1492 | D:2      | Found a basalt altar of Yredelemnul.
  1644 | D:2      | Reached XP level 4. HP: 33/37 MP: 5/5
  1887 | D:2      | Found a white marble altar of Elyvilon.
  2176 | D:3      | Found a faded altar of an unknown god.
  2201 | D:3      | Noticed Natasha
  2206 | D:3      | Reached skill level 1 in Shields
  2216 | D:3      | Killed Natasha
  2216 | D:3      | Reached XP level 5. HP: 26/43 MP: 6/6
  2243 | D:3      | Noticed Natasha
  2250 | D:3      | Killed Natasha
  2679 | D:3      | Found a sacrificial altar of Ru.
  2761 | D:3      | Found a runed door.
  2765 | D:3      | Noticed Crazy Yiuf
  2784 | D:3      | Killed Crazy Yiuf
  2784 | D:3      | Reached ** piety under Lugonu
  3141 | D:3      | Reached skill level 5 in Fighting
  3387 | D:3      | Noticed Natasha
  3400 | D:3      | Killed Natasha
  3400 | D:3      | Reached XP level 6. HP: 20/51 MP: 7/7
  3666 | D:3      | Found a snail-covered altar of Cheibriados.
  3754 | D:4      | Slain by a scorpion

Vault maps used:
D:1:      onia_arrival_pentagram, hex_large
D:2:      kennysheep_ying_yang, first_ration, nrook_mini_backslash,
          minmay_misc_feat_nine_boxes
D:3:      nicolae_ru_sacrificial_ziggurat, kennysheep_slug_shrine,
          chequers_ecumenical_altar_island, uniq_natasha,
          uniq_crazy_yiuf_cottage
D:4:      grunt_temple_overflow_lords_of_destruction, old_standard_altar,
          gammafunk_ghost_smash, serial_shops, kennysheep_little_box,
          uniq_grinder

Skill      XL: |  1  2  3  4  5  6 |
---------------+-------------------+-----
Fighting       | 4 5 |  5.1
Polearms       | 3 4 |  4.0
Shields        | 1 2 |  2.7
Armour         | |  2.1
Dodging        | |  0.8
Invocations    | |  2.5

Action                   |  1- 3 |  4- 6 || total
-------------------------+-------+-------++-------
Melee: Spear             |   132 |   174 ||   306
Invok: Depart the Abyss  |     1 |       ||     1
  Eat: Chunk             |     2 |     7 ||     9
Armor: Leather armour    |    18 |       ||    18
       Ring mail         |     3 |    40 ||    43
Dodge: Dodged            |    45 |    18 ||    63
Block: Large shield      |       |    69 ||    69

Table legend:
 A = Non-vault XP
 B = Vault XP
 C = Vault XP percentage of total XP
 D = Non-vault monster count
 E = Vault monster count
 F = Vault count percentage of total count
                 A         B        C        D         E       F
            +---------+---------+-------+---------+---------+-------
      Total |     252 |      79 |  23.9 |      59 |       3 |   4.8
            +---------+---------+-------+---------+---------+-------
        D:1 |      43 |       0 |   0.0 |      23 |       0 |   0.0
        D:2 |      39 |       0 |   0.0 |      14 |       0 |   0.0
        D:3 |     136 |      79 |  36.7 |      21 |       3 |  12.5
        D:4 |      34 |       0 |   0.0 |       1 |       0 |   0.0
            +---------+---------+-------+---------+---------+-------
